 Dungeon Crawl Stone Soup version 0.21.1-1-g345015f (webtiles) character file.

356498 keltmir the Metallomancer (level 22, -2/132 HPs)
             Began as a Gargoyle Earth Elementalist on Apr 3, 2018.
             Was the Champion of Sif Muna.
             Splashed by a deep elf sorcerer's acid (9 damage)
             ... on level 3 of the Elven Halls on Apr 4, 2018.
             The game lasted 05:07:18 (72116 turns).

keltmir the Metallomancer (GrEE)                   Turns: 72116, Time: 05:07:25

Health: -2/132     AC: 37    Str: 13    XL:     22   Next: 34%
Magic:  0/53       EV: 14    Int: 25    God:    Sif Muna [******]
Gold:   3236       SH: 15    Dex: 10    Spells: 15/58 levels left

rFire    + + .     SeeInvis .   Y - +8 whip "Snakebite" {curare, rPois}
rCold    + . .     Gourm    .   R - +2 shield of Resistance {rF+ rC+ MR+}
rNeg     + . .     Faith    .   I - +4 ring mail {MR+}
rPois    ∞         Spirit   .   T - +2 hat
rElec    +         Reflect  .   C - +2 cloak {rPois}
rCorr    .         Harm     .   y - +0 pair of gloves
MR       ++++.                  q - +1 pair of boots {Stlth+}
Stlth    +.........             B - amulet of regeneration
HPRegen  0.72/turn              f - ring "Sagap" {Wiz rF+ MR+}
MPRegen  0.33/turn              k - ring of magical power

@: flying, no casting
A: big wings, negative energy resistance 1, electricity resistance, unbreathing,
petrification resistance, rot immunity, AC +16
}: 2/15 runes: decaying, serpentine
a: Stop Flying, Stop Divine Energy, Channel Magic, Forget Spell, Renounce
Religion


You were on level 3 of the Elven Halls.
You worshipped Sif Muna.
Sif Muna was exalted by your worship.
You were very hungry.

You visited 8 branches of the dungeon, and saw 39 of its levels.

You collected 3918 gold pieces.
You spent 682 gold pieces at shops.

Inventory:

Hand Weapons
 Y - the +8 whip "Snakebite" (weapon) {curare, rPois}
   (You found it on level 4 of the Lair of Beasts)

   It poisons the flesh of those it strikes.
   It protects you from poison.
Missiles
 b - 182 stones (quivered)
Armour
 q - a +1 pair of boots of stealth (worn)
 y - a +0 pair of gloves (worn)
 C - a +2 cloak of poison resistance (worn)
 I - a +4 ring mail of magic resistance (worn)
 R - the +2 shield of Resistance (worn) {rF+ rC+ MR+}
   (You found it on level 6 of the Lair of Beasts)

   It protects you from fire.
   It protects you from cold.
   It affects your resistance to hostile enchantments.
 T - a +2 hat (worn)
Jewellery
 f - the ring "Sagap" (left hand) {Wiz rF+ MR+}
   (You acquired it on level 11 of the Dungeon)

   [ring of wizardry]

   It improves your spell success rate.
   It protects you from fire.
   It affects your resistance to hostile enchantments.
 g - an uncursed ring of protection from fire
 i - an uncursed ring of see invisible
 k - a ring of magical power (right hand)
 B - an amulet of regeneration (around neck)
Wands
 u - a wand of enslavement (11)
 z - a wand of disintegration (25)
 D - a wand of flame (45)
 F - a wand of digging (29)
 G - a wand of acid (11)
 K - a wand of clouds (6)
 S - a wand of iceblast (30)
Scrolls
 c - 9 scrolls of amnesia
 e - 6 scrolls of enchant weapon
 o - 7 scrolls of fog
 p - 2 scrolls of immolation
 r - 6 scrolls of fear
 t - 11 scrolls of teleportation
 x - a scroll of holy word
 N - 7 scrolls of enchant armour
 O - 3 scrolls of summoning
 P - 3 scrolls of blinking
 Q - 3 scrolls of identify
 U - 3 scrolls of magic mapping
 V - 16 scrolls of remove curse
Potions
 a - a potion of ambrosia
 h - 9 potions of heal wounds
 j - 6 potions of lignification
 l - 3 potions of magic
 m - 4 potions of agility
 n - 3 potions of cancellation
 v - 4 potions of brilliance
 w - 3 potions of mutation
 A - 7 potions of haste
 H - 9 potions of curing
 J - 2 potions of resistance
 M - 4 potions of might
 W - 2 potions of berserk rage
 X - 2 potions of invisibility
Comestibles
 d - 24 rations


   Skills:
 - Level 12.0 Fighting
 - Level 12.0 Maces & Flails
 + Level 9.9 Armour
 + Level 9.2 Dodging
 - Level 2.1 Stealth
 - Level 15.0 Shields
 + Level 18.5 Spellcasting
 - Level 10.0 Conjurations
 - Level 0.7 Transmutations
 - Level 23.1 Earth Magic


You had 15 spell levels left.
You knew the following spells:

 Your Spells              Type           Power        Failure   Level  Hunger
a - Sandblast             Erth           ######       0%          1    None
b - Stone Arrow           Conj/Erth      ######       0%          3    None
c - Passwall              Tmut/Erth      ######....   1%          2    None
d - Lee's Rapid Deconstr  Erth           #######...   0%          5    None
e - Petrify               Tmut/Erth      ######..     1%          4    None
f - Bolt of Magma         Conj/Fire/Erth ######....   1%          5    None
g - Iron Shot             Conj/Erth      #######...   1%          6    ###....
h - Shatter               Erth           #######...   12%         9    #######
i - Lehudib's Crystal Sp  Conj/Erth      #######...   11%         8    ######.


Dungeon Overview and Level Annotations

Branches:
Dungeon (15/15)            Temple (1/1) D:4            Lair (6/6) D:8
  Swamp (4/4) Lair:3        Snake (4/4) Lair:4        Slime (0/5) Lair:6
    Orc (2/2) D:12            Elf (3/3) Orc:2        Vaults (4/5) D:13
  Crypt (0/3) Vaults:2     Depths (0/5) D:15

Altars:
Ashenzari
Cheibriados
Dithmenos
Elyvilon
Fedhas
Gozag
Hepliaklqana
Kikubaaqudgha
Makhleb
Nemelex Xobeh
Okawaru
Qazlal
Ru
Sif Muna
Trog
Uskayaw
Vehumet
Wu Jian
Xom
Yredelemnul
Zin
The Shining One
Jiyva

Shops:
D:10 }   D:11 *?!!   D:15 }   Orc:2 ([*:(   Elf:1 :   Snake:1 }}=   Snake:2 *}
Vaults:2 (=!?:


Innate Abilities, Weirdness & Mutations

You are resistant to torment.
Your stone body is resilient. (AC +16)
You are immune to poison.
Your large and strong wings let you fly indefinitely.
You resist negative energy. (rN+)
You are resistant to electric shocks. (rElec)
You can survive without breathing.
You are immune to petrification.
You are immune to rotting.


Message History

A deep elf demonologist comes into view.
It is wielding a short sword.
Casting: Lee's Rapid Deconstruction
Confirm with . or Enter, or press ? or * to list all spells.
Okay, then.
Sif Muna will now grant you divine energy when your reserves of magic are depleted.
You will briefly lose access to your magic after casting a spell in this manner.
Casting: Lee's Rapid Deconstruction
Confirm with . or Enter, or press ? or * to list all spells.
You miscast Shatter.
Sif Muna protects you from the effects of your miscast!
You are feeling very hungry.
Sif Muna grants you divine energy.
You briefly lose access to your magic!
The deep elf sorcerer howls an incantation.
The deep elf sorcerer's hands start to glow.
The deep elf sorcerer gestures at you while chanting.
The bolt of acid hits you!
* * * LOW HITPOINT WARNING * * *
You are splashed with acid!
The acid burns!
You die...

## ######. ###...#'#
### #.......#
###.########.......#
#.....'....'...♣...#
#.....######.......#
#.....# #.......#
##.@### ###...#'#
#.## ######' #.# ##
.e# #. ##.# ##. #(#
#.< #e# ##. #e# #.
#(# ##


You could see a deep elf sorcerer, a deep elf demonologist and a deep elf high
priest.

Vanquished Creatures
  Boris (Vaults:3)
  Nikola (Swamp:1)
  Jory (Vaults:2)
  A deep elf blademaster (Elf:2)
  Asterion (Snake:3)
  A lich (Vaults:2)
  A deep elf master archer (Elf:3)
  2 thorn hunters
  Agnes (Snake:4)
  Roxanne (Snake:4)
  Gastronok (D:9)
  A storm dragon (Vaults:4)
  A tengu reaver (Vaults:2)
  Kirke (Elf:1)
  12 nagarajas
  4 fire giants
  Donald (D:13)
  2 deep elf sorcerers
  2 orc warlords
  8 vault wardens
  Aizul (Snake:2)
  7 ironheart preservers
  5 stone giants
  5 very ugly things
  An entropy weaver (Vaults:3)
  2 deep elf demonologists
  2 deep elf annihilators (Elf:1)
  Azrael (Snake:3)
  3 ettins
  3 fire dragons
  Josephine (D:10)
  A great orb of eyes (Vaults:4)
  9 ogre magi
  14 yaktaur captains
  A deep elf high priest (Elf:1)
  3 rakshasas
  16 hydras
  4 ice dragons
  6 anacondas
  8 vault guards
  16 naga warriors
  Erica (D:8)
  8 ghost crabs
  A death knight (Vaults:2)
  10 centaur warriors
  8 alligators
  33 two-headed ogres
  A tengu warrior (D:15)
  A deep troll earth mage (Vaults:2)
  25 dancing weapons
  6 shock serpents
  A deep troll shaman (Vaults:3)
  16 naga sharpshooters
  Urug (D:14)
  6 orc high priests
  15 deep elf knights
  3 fire crabs
  A salamander mystic (Snake:3)
  12 deep trolls
  5 unseen horrors
  A glowing orange brain (shapeshifter) (Elf:2)
  2 swamp dragons
  5 spriggan druids
  A lindwurm (Swamp:4)
  A flayed ghost (Vaults:3)
  A wizard (Vaults:2)
  Pikel (D:5)
  3 shambling mangroves
  A wolf spider zombie (D:15)
  12 deep elf archers
  7 naga ritualists
  A necromancer (Vaults:1)
  39 deep elf magi
  2 harpies (shapeshifter) (Vaults:2)
  14 orc knights
  7 ironbrand convokers
  6 mana vipers
  6 harpies (Vaults:2)
  24 ugly things
  6 orc sorcerers
  A mana viper (shapeshifter) (Vaults:4)
  2 cyclopes
  A wolf spider (shapeshifter) (Vaults:4)
  3 wolf spiders
  3 manticores
  12 salamanders
  A salamander (shapeshifter) (Vaults:2)
  8 vault sentinels
  Maurice (D:7)
  2 guardian serpents
  5 apocalypse crabs (Swamp:2)
  A torpor snail (Lair:6)
  46 black mambas
  20 naga magi
  A black mamba (shapeshifter) (Vaults:2)
  13 spiny frogs
  Joseph (D:7)
  3 molten gargoyles (Lair:6)
  A gargoyle (D:10)
  62 yaktaurs
  18 komodo dragons
  7 freezing wraiths
  A kobold demonologist (D:12)
  4 rime drakes (Lair:4)
  A human zombie (Vaults:1)
  A rime drake (shapeshifter) (D:15)
  2 tengu conjurers (D:15)
  A polar bear (Lair:3)
  11 trolls
  2 wind drakes (shapeshifter)
  16 hornets
  6 bog bodies
  44 slime creatures
  6 tyrant leeches
  8 blink frogs
  24 hippogriffs
  A redback (shapeshifter) (Vaults:2)
  2 shadows
  A hog (shapeshifter) (D:13)
  4 water elementals
  3 air elementals
  5 wraiths
  6 spriggans
  13 wyverns
  4 basilisks
  5 fire elementals
  7 hogs (Elf:1)
  A human (shapeshifter) (Vaults:1)
  42 yaks
  A yaktaur simulacrum (Vaults:2)
  3 hungry ghosts
  2 basilisks (shapeshifter)
  20 vampire mosquitoes
  27 swamp worms
  2 acid dragons
  11 insubstantial wisps
  58 nagas
  6 wargs
  3 soldier ants
  An elf skeleton (Vaults:1)
  16 water moccasins
  7 hell hounds
  7 porcupines
  An ogre skeleton (Vaults:1)
  12 swamp drakes
  4 sky beasts
  4 slaves
  2 eyes of draining
  4 phantoms
  A necrophage (D:11)
  An ice beast (D:15)
  33 ogres
  47 orc warriors
  An orc zombie (Vaults:1)
  5 boggarts (Vaults:1)
  21 centaurs
  29 wolves
  12 crocodiles
  Blork the orc (D:6)
  3 big kobolds
  15 bullfrogs
  3 earth elementals
  A gnoll sergeant (D:10)
  A water moccasin zombie (D:8)
  4 scorpions
  An elf simulacrum (Vaults:3)
  A human simulacrum (Vaults:3)
  15 killer bees
  An electric eel (Lair:3)
  19 wights
  2 howler monkeys
  5 lava snakes (Lair:6)
  2 crimson imps
  2 centaur zombies
  2 bullfrog zombies
  A quasit (D:7)
  2 centaur skeletons
  10 hounds
  28 orc priests
  A bullfrog skeleton (D:5)
  5 iguanas
  A jelly (D:11)
  26 orc wizards
  13 worker ants
  A worker ant zombie (D:10)
  19 gnolls
  20 adders
  5 shadow imps
  4 adder zombies
  2 adder skeletons
  15 worms
  2 dart slugs
  3 leopard geckos
  92 orcs
  5 giant cockroaches
  4 goblins
  4 hobgoblins
  8 jackals
  5 quokkas
  A ball python (D:3)
  9 bats
  3 frilled lizards
  2 jackal skeletons
  16 kobolds
  3 quokka zombies
  7 rats
  2 fungi (Lair:3)
1618 creatures vanquished.

Vanquished Creatures (others)
  A hydra (Swamp:4)
  A swamp dragon (Swamp:4)
  A lindwurm (Swamp:4)
  A deep elf mage (Vaults:2)
  A black mamba (Snake:4)
  3 steam dragons (Swamp:4)
  A vampire mosquito (Swamp:2)
  4 swamp drakes (Swamp:4)
  An orc wizard (D:4)
  An orc priest (Orc:1)
  25 fungi
  9 plants
49 creatures vanquished.

Grand Total: 1667 creatures vanquished

Notes
Turn   | Place    | Note
-------+----------+-------------------------------------------
     0 | D:1      | keltmir the Gargoyle Earth Elementalist began the quest for the Orb.
     0 | D:1      | Reached XP level 1. HP: 10/10 MP: 3/3
   211 | D:1      | Reached XP level 2. HP: 16/16 MP: 0/5
   277 | D:1      | Reached skill level 4 in Earth Magic
  1007 | D:2      | Found a bloodstained altar of Trog.
  1010 | D:2      | Found a hide-covered altar of Uskayaw.
  1013 | D:2      | Found a shattered altar of Ashenzari.
  1171 | D:2      | Reached XP level 3. HP: 17/20 MP: 6/6
  1237 | D:2      | Learned a level 3 spell: Stone Arrow
  1950 | D:2      | Found a glowing silver altar of Zin.
  1950 | D:2      | Found an ornate altar of the Wu Jian Council.
  1951 | D:2      | Found a sparkling altar of Nemelex Xobeh.
  2232 | D:3      | Reached skill level 1 in Maces & Flails
  2288 | D:3      | Reached XP level 4. HP: 18/24 MP: 7/7
  2389 | D:3      | Learned a level 2 spell: Passwall
  2480 | D:3      | Reached skill level 5 in Earth Magic
  2544 | D:3      | Found a basalt altar of Yredelemnul.
  2869 | D:3      | Found a burning altar of Makhleb.
  2930 | D:3      | Reached skill level 1 in Armour
  2930 | D:3      | Reached XP level 5. HP: 12/28 MP: 1/9
  3284 | D:4      | Noticed a slave
  3564 | D:4      | Noticed a slave
  3641 | D:4      | Reached skill level 6 in Earth Magic
  3667 | D:4      | Reached XP level 6. HP: 32/33 MP: 10/10
  3916 | D:4      | Noticed Pikel
  3924 | D:4      | Paralysed by Pikel for 4 turns
  3927 | D:4      | Noticed a slave
  3928 | D:4      | Noticed a slave
  4087 | D:5      | Entered Level 5 of the Dungeon
  4149 | D:3      | Killed a slave
  4313 | D:3      | Killed a slave
  4358 | D:4      | Reached skill level 7 in Earth Magic
  4358 | D:4      | Reached XP level 7. HP: 33/37 MP: 3/12
  4393 | D:4      | Found a staircase to the Ecumenical Temple.
  4449 | Temple   | Entered the Ecumenical Temple
  4636 | Temple   | Became a worshipper of Sif Muna the Loreminder
  5392 | D:5      | Reached skill level 8 in Earth Magic
  5846 | D:5      | Reached skill level 1 in Shields
  5846 | D:5      | Reached XP level 8. HP: 42/42 MP: 13/14
  5931 | D:5      | Reached * piety under Sif Muna
  6126 | D:5      | Found a shadowy altar of Dithmenos.
  6299 | D:5      | Paralysed by Pikel for 4 turns
  6421 | D:5      | Killed Pikel
  6421 | D:5      | Reached skill level 5 in Spellcasting
  6421 | D:5      | Reached skill level 9 in Earth Magic
  6604 | D:5      | Learned a level 5 spell: Lee's Rapid Deconstruction
  6609 | D:5      | Learned a level 4 spell: Petrify
  6830 | D:6      | Found a radiant altar of Vehumet.
  7019 | D:6      | Reached XP level 9. HP: 39/46 MP: 15/16
  7179 | D:6      | Reached skill level 10 in Earth Magic
  7325 | D:6      | Noticed Blork the orc
  7333 | D:6      | Killed Blork the orc
  8187 | D:7      | You fall through a shaft!
  8187 | D:8      | Noticed a two-headed ogre
  8226 | D:8      | Noticed Maurice
  8262 | D:7      | Reached ** piety under Sif Muna
  8855 | D:7      | Reached skill level 11 in Earth Magic
  9146 | D:7      | Found a sacrificial altar of Ru.
  9333 | D:7      | Noticed Joseph
  9359 | D:7      | Killed Joseph
  9812 | D:7      | Killed Maurice
  9812 | D:7      | Reached XP level 10. HP: 48/51 MP: 6/19
  9814 | D:7      | Reached *** piety under Sif Muna
  9987 | D:7      | Killed a two-headed ogre
  9987 | D:7      | Reached skill level 5 in Maces & Flails
  9987 | D:7      | Reached skill level 12 in Earth Magic
 10463 | D:8      | Reached skill level 1 in Fighting
 11073 | D:8      | Found a white marble altar of Elyvilon.
 11205 | D:8      | Reached skill level 13 in Earth Magic
 11378 | D:8      | Reached **** piety under Sif Muna
 11570 | D:8      | Reached XP level 11. HP: 53/60 MP: 0/22
 11712 | D:8      | Found a staircase to the Lair.
 11818 | D:8      | Noticed Erica
 11834 | D:8      | Killed Erica
 12292 | D:9      | Got a twisted falchion
 12293 | D:9      | Identified the cursed +1 falchion "Yhiapned" {drain, rF- rC+ Dex+7} (You found it on level 9 of the Dungeon)
 12374 | D:9      | Noticed a two-headed ogre
 12382 | D:9      | Killed a two-headed ogre
 12723 | D:9      | Noticed Gastronok
 12734 | D:9      | Noticed a two-headed ogre
 12787 | D:9      | Killed a two-headed ogre
 12787 | D:9      | Reached skill level 14 in Earth Magic
 12970 | D:9      | You fall through a shaft for 3 floors!
 13240 | D:12     | Reached skill level 5 in Fighting
 13441 | D:11     | Reached ***** piety under Sif Muna
 13491 | D:11     | Found Aghigh's Magic Scroll Shoppe.
 13502 | D:11     | Bought a scroll of summoning for 142 gold pieces
 13502 | D:11     | Bought a scroll of blinking for 112 gold pieces
 13502 | D:11     | Bought a scroll of enchant armour for 112 gold pieces
 13502 | D:11     | Bought a scroll of summoning for 142 gold pieces
 13502 | D:11     | Bought a scroll of identify for 30 gold pieces
 13514 | D:11     | Found Gottyig's Distillery.
 13522 | D:11     | Noticed a two-headed ogre
 13536 | D:11     | Killed a two-headed ogre
 13536 | D:11     | Received a gift from Sif Muna
 13569 | D:11     | Reached XP level 12. HP: 58/69 MP: 2/24
 14278 | D:11     | Noticed a two-headed ogre
 14292 | D:11     | Killed a two-headed ogre
 14292 | D:11     | Reached skill level 15 in Earth Magic
 14340 | D:10     | Entered Level 10 of the Dungeon
 14667 | D:9      | Killed Gastronok
 15413 | D:10     | Found Ucomoaj's Gadget Shoppe.
 15684 | D:10     | Noticed a two-headed ogre
 15701 | D:10     | Killed a two-headed ogre
 16007 | D:10     | Noticed Josephine
 16049 | D:10     | Killed Josephine
 16779 | D:11     | Reached skill level 5 in Conjurations
 16950 | D:11     | Found Wyshroigu's Distillery.
 16954 | D:11     | Bought a potion of berserk rage for 80 gold pieces
 16954 | D:11     | Bought a potion of might for 64 gold pieces
 17191 | D:11     | Found Ideuwnud's General Store.
 17590 | D:12     | Noticed a two-headed ogre
 17598 | D:12     | Killed a two-headed ogre
 17598 | D:12     | Received a gift from Sif Muna
 17978 | D:12     | Reached XP level 13. HP: 76/76 MP: 26/26
 18090 | D:12     | Found a staircase to the Orcish Mines.
 18546 | D:12     | Learned a level 5 spell: Bolt of Magma
 18553 | D:12     | Learned a level 6 spell: Iron Shot
 18905 | Lair:1   | Entered Level 1 of the Lair of Beasts
 19610 | Lair:1   | Got an ichor-stained war axe
 21852 | Lair:3   | Reached skill level 16 in Earth Magic
 21998 | Lair:3   | Reached skill level 10 in Spellcasting
 22720 | Lair:3   | Found a staircase to the Swamp.
 22901 | Lair:3   | Received a gift from Sif Muna
 23633 | Lair:4   | Found a staircase to the Snake Pit.
 23905 | Lair:4   | Gained mutation: Your large and strong wings let you fly indefinitely. [Gargoyle growth]
 23905 | Lair:4   | Reached XP level 14. HP: 68/84 MP: 17/28
 25091 | Lair:4   | Reached skill level 10 in Conjurations
 25300 | Lair:4   | Found the +8 whip "Snakebite" {curare, rPois}
 26624 | Lair:6   | Entered Level 6 of the Lair of Beasts
 26979 | Lair:6   | Identified Sif Muna's Advanced Steps in Hermeneutics (Sif Muna gifted it to you on level 6 of the Lair of Beasts)
 26979 | Lair:6   | Received a gift from Sif Muna
 27468 | Lair:6   | Found a viscous altar of Jiyva.
 27469 | Lair:6   | Found a staircase to the Slime Pits.
 27566 | Lair:6   | Found the +2 shield of Resistance {rF+ rC+ MR+}
 28022 | Lair:6   | Reached skill level 10 in Fighting
 28680 | Lair:6   | Reached skill level 17 in Earth Magic
 28776 | Lair:6   | Found a large runed door.
 28776 | Lair:6   | Found a large runed door.
 29946 | D:11     | Identified 3 scrolls of acquirement
 29949 | D:11     | Got a bloodstained hat
 29960 | D:11     | Identified the +0 hat of Dyatesch {Stlth+} (You acquired it on level 11 of the Dungeon)
 30000 | D:11     | Got a bound lapis lazuli ring
 30002 | D:11     | Identified the ring "Sagap" {Wiz rF+ MR+} (You acquired it on level 11 of the Dungeon)
 30024 | D:13     | Found an opulent altar of Gozag.
 30317 | D:13     | Reached XP level 15. HP: 92/92 MP: 26/30
 30402 | D:13     | Reached skill level 5 in Shields
 30582 | D:13     | Found a gate to the Vaults.
 32828 | D:14     | Noticed Urug
 32841 | D:14     | Killed Urug
 32896 | D:15     | Entered Level 15 of the Dungeon
 32921 | D:14     | Identified Sif Muna's Compendium of Conjuration (Sif Muna gifted it to you on level 14 of the Dungeon)
 32921 | D:14     | Received a gift from Sif Muna
 33076 | D:15     | Found a staircase to the Depths.
 33798 | D:15     | Found Yczir's Gadget Shop.
 34510 | Orc:1    | Entered Level 1 of the Orcish Mines
 34664 | Orc:2    | Entered Level 2 of the Orcish Mines
 34879 | Orc:2    | Noticed an orc warlord
 35015 | Orc:1    | Killed an orc warlord
 35203 | Orc:2    | Found a staircase to the Elven Halls.
 35212 | Orc:2    | Noticed an orc warlord
 35361 | Orc:2    | Killed an orc warlord
 35911 | Orc:2    | Reached skill level 10 in Shields
 36310 | Orc:2    | Found Ygyimmia's Weapon Shoppe.
 36828 | Orc:2    | Found Ozomut's Antique Armour Boutique.
 37101 | Orc:2    | Reached XP level 16. HP: 89/97 MP: 27/31
 37229 | Orc:2    | Found Uhusihoo's General Store.
 37300 | Orc:2    | Found Mafoid's Book Shoppe.
 37463 | Orc:2    | Found Sastob's Antique Weapon Shop.
 39025 | Swamp:1  | Entered Level 1 of the Swamp
 39725 | Swamp:1  | Noticed Nikola
 39769 | Swamp:1  | Killed Nikola
 40969 | Swamp:2  | Found a frozen archway.
 41280 | Swamp:2  | Found a runed door.
 42160 | Swamp:2  | Paralysed by you for 4 turns
 42254 | Swamp:2  | Reached skill level 15 in Shields
 42466 | Swamp:3  | Noticed a thorn hunter
 42486 | Swamp:2  | Reached skill level 18 in Earth Magic
 42775 | Swamp:3  | Killed a thorn hunter
 43376 | Swamp:2  | Reached XP level 17. HP: 84/102 MP: 33/33
 43429 | Swamp:3  | Received a gift from Sif Muna
 43429 | Swamp:3  | Reached skill level 5 in Dodging
 43938 | Swamp:4  | Entered Level 4 of the Swamp
 45507 | Swamp:4  | Reached skill level 19 in Earth Magic
 45981 | Swamp:4  | Got a decaying rune of Zot
 46161 | Snake:1  | Entered Level 1 of the Snake Pit
 46633 | Snake:1  | Found Ykant's Jewellery Emporium.
 46633 | Snake:1  | Found Ahat's Gadget Shop.
 46634 | Snake:1  | Found Hunir's Gadget Shop.
 46692 | Snake:1  | You are sucked into a shaft!
 46779 | Snake:2  | Found Ruicheleva's Gadget Shoppe.
 46779 | Snake:2  | Found Waffoepa's Assorted Antiques.
 46877 | Snake:2  | Identified Sif Muna's Collected Works on Transmigration (Sif Muna gifted it to you on level 2 of the Snake Pit)
 46877 | Snake:2  | Received a gift from Sif Muna
 48069 | Snake:2  | Noticed Aizul
 48082 | Snake:2  | Killed Aizul
 49289 | Snake:3  | Reached XP level 18. HP: 107/108 MP: 33/35
 49425 | Snake:3  | Reached skill level 20 in Earth Magic
 49816 | Snake:3  | Noticed Azrael
 49826 | Snake:3  | Killed Azrael
 49893 | Snake:3  | Identified Sif Muna's Tome of the Lethal Traveller (Sif Muna gifted it to you on level 3 of the Snake Pit)
 49893 | Snake:3  | Received a gift from Sif Muna
 50193 | Snake:3  | Noticed Asterion
 50200 | Snake:3  | Killed Asterion
 51253 | Snake:4  | Entered Level 4 of the Snake Pit
 52021 | Snake:4  | Noticed Roxanne
 52241 | Snake:4  | Found a sparkling altar of Nemelex Xobeh.
 52684 | Snake:4  | Reached skill level 21 in Earth Magic
 52731 | Snake:4  | Identified Sif Muna's Almanac of Augmentations and Confrontation (Sif Muna gifted it to you on level 4 of the Snake Pit)
 52731 | Snake:4  | Received a gift from Sif Muna
 53072 | Snake:4  | Learned a level 9 spell: Shatter
 53606 | Snake:4  | Reached XP level 19. HP: 82/113 MP: 17/37
 53670 | Snake:4  | Reached ****** piety under Sif Muna
 53683 | Snake:4  | Reached skill level 15 in Spellcasting
 54265 | Snake:4  | Noticed Agnes
 54272 | Snake:4  | Killed Agnes
 54402 | Snake:4  | Got a serpentine rune of Zot
 54747 | Snake:4  | Killed Roxanne
 54971 | Snake:1  | Received a gift from Sif Muna
 55245 | D:15     | Got a ripped robe
 55247 | D:15     | Identified the cursed +1 robe "Kyhy" {Str-5 Int+2 SInv Stlth+} (You found it on level 15 of the Dungeon)
 55341 | Vaults:1 | Entered Level 1 of the Vaults
 55345 | Vaults:1 | Noticed Donald
 55370 | D:13     | Killed Donald
 55986 | Vaults:1 | Reached skill level 22 in Earth Magic
 56827 | Vaults:1 | Got a warped robe
 56828 | Vaults:1 | Identified the cursed +1 robe "Ypnumer" {rN+ Str+5} (You found it on level 1 of the Vaults)
 58532 | Vaults:2 | Found Faschiuk's Jewellery Boutique.
 58565 | Vaults:2 | Found Waahy's Antique Weapon Emporium.
 58748 | Vaults:2 | Identified Sif Muna's Collected Works on Conjuration and Sinister Magic (Sif Muna gifted it to you on level 2 of the Vaults)
 58748 | Vaults:2 | Received a gift from Sif Muna
 59267 | Vaults:2 | Noticed Jory
 59284 | Vaults:2 | Killed Jory
 59284 | Vaults:2 | Reached XP level 20. HP: 50/119 MP: 1/40
 59912 | Vaults:2 | Found Coqeowoh's Distillery.
 59943 | Vaults:2 | Reached skill level 23 in Earth Magic
 60686 | Vaults:2 | Found Yxuest's Book Boutique.
 60887 | Vaults:2 | Identified Sif Muna's Compendium of Earthen Calling (Sif Muna gifted it to you on level 2 of the Vaults)
 60887 | Vaults:2 | Received a gift from Sif Muna
 60906 | Vaults:2 | Learned a level 8 spell: Lehudib's Crystal Spear
 61055 | Vaults:2 | Reached skill level 10 in Maces & Flails
 61296 | Vaults:2 | Found a staircase to the Crypt.
 61520 | Vaults:2 | Found Coehav's Magic Scroll Shop.
 61974 | Vaults:3 | Noticed Boris
 61981 | Vaults:3 | HP: 4/119 [disintegration (96)]
 62160 | Vaults:3 | Killed Boris
 63019 | Vaults:3 | HP: 4/119 [yaktaur captain/bolt (26)]
 64307 | Vaults:3 | Reached XP level 21. HP: 124/124 MP: 15/42
 65027 | Vaults:3 | Reached skill level 5 in Armour
 65734 | Vaults:4 | Identified Sif Muna's Compendium of Earth (Sif Muna gifted it to you on level 4 of the Vaults)
 65734 | Vaults:4 | Received a gift from Sif Muna
 68266 | Elf:1    | Entered Level 1 of the Elven Halls
 68289 | Elf:1    | Found Palof's Book Boutique.
 69156 | Elf:1    | Noticed Kirke
 69167 | Elf:1    | Killed Kirke
 70193 | Elf:2    | Received a gift from Sif Muna
 70459 | Elf:2    | Reached XP level 22. HP: 126/132 MP: 39/44
 70578 | Elf:2    | Found a runed gate.
 70578 | Elf:2    | Found a runed gate.
 70580 | Elf:2    | Found a runed gate.
 71928 | Elf:3    | Entered Level 3 of the Elven Halls
 72116 | Elf:3    | Splashed by a deep elf sorcerer's acid

Skill      XL: |  1  2  3  4  5  6  7  8  9 10 11 12 13 14 15 16 17 18 19 20 21 22 |
---------------+-------------------------------------------------------------------+-----
Earth Magic    | 4 5 6 7 8 9 11 13 14 15 16 17 18 19 21 22 23 | 23.1
Maces & Flails | 1 4 6 7 8 9 12 | 12.0
Armour         | 1 2 3 4 8 9 |  9.9
Spellcasting   | 3 4 5 6 7 8 9 10 11 12 13 14 16 17 18 | 18.5
Shields        | 1 4 11 15 | 15.0
Fighting       | 3 5 7 8 10 11 12 | 12.0
Conjurations   | 5 9 10 | 10.0
Dodging        | 2 4 5 6 8 9 |  9.2
Stealth        | |  2.1
Transmutations | |  0.7

Action                   |  1- 3 |  4- 6 |  7- 9 | 10-12 | 13-15 | 16-18 | 19-21 | 22-24 || total
-------------------------+-------+-------+-------+-------+-------+-------+-------+-------++-------
Melee: Unarmed           |     1 |       |       |       |       |       |       |       ||     1
       Club              |   110 |   135 |    37 |       |       |       |       |       ||   282
       Flail             |       |       |    27 |       |       |       |       |       ||    27
       Whip              |       |       |    33 |    83 |   251 |   815 |   733 |   109 ||  2024
 Cast: Sandblast         |    27 |    63 |    29 |    96 |   183 |   243 |   167 |    27 ||   835
       Stone Arrow       |       |       |   133 |   347 |   584 |   470 |   348 |     3 ||  1885
       Passwall          |       |       |     1 |       |     3 |     1 |       |       ||     5
       Petrify           |       |       |       |     8 |     3 |     3 |       |       ||    14
       Lee's Rapid Decon |       |       |       |       |    47 |    69 |   104 |    53 ||   273
       Iron Shot         |       |       |       |       |   118 |   158 |   264 |    13 ||   553
       Bolt of Magma     |       |       |       |       |       |     7 |     2 |       ||     9
       Shatter           |       |       |       |       |       |       |    15 |     1 ||    16
       Lehudib's Crystal |       |       |       |       |       |       |     1 |       ||     1
Invok: Divine Energy     |       |       |       |       |       |       |     3 |     1 ||     4
       Stop Divine Energ |       |       |       |       |       |       |     3 |       ||     3
Evoke: Wand              |       |       |       |     4 |       |       |     3 |       ||     7
  Use: Scroll            |     2 |     5 |     5 |     6 |    16 |     5 |    13 |       ||    52
       Potion            |       |       |       |       |       |     1 |     2 |       ||     3
 Stab: Petrified         |       |       |       |       |     1 |       |       |       ||     1
       Confused          |       |       |       |       |       |     1 |       |       ||     1
       Distracted        |       |       |       |       |       |     1 |       |       ||     1
  Eat: Chunk             |     5 |     7 |    17 |    23 |    86 |    45 |    79 |     7 ||   269
       Ration            |       |       |     2 |     2 |     5 |    17 |     7 |       ||    33
Armor: Robe              |     2 |       |    36 |       |       |       |       |       ||    38
       Ring mail         |   105 |   100 |    81 |   189 |   389 |   696 |   408 |    55 ||  2023
Dodge: Dodged            |   109 |   113 |   103 |   125 |   278 |   461 |   319 |    24 ||  1532
Block: Buckler           |       |     4 |    22 |    79 |   127 |       |       |       ||   232
       Shield            |       |       |       |       |   142 |   972 |   677 |    71 ||  1862
